 Dungeon Crawl Stone Soup version 0.25-a0-547-g27a0b5d1ef (webtiles) character file.

Game seed: 10414987740837093506, levelgen mode: deterministic

1999 mcamara the Grave Robber (level 9, -4/68 HPs)
             Began as a Deep Dwarf Necromancer on Feb 22, 2020.
             Was an Initiate of Sif Muna.
             Slain by a killer bee (5 damage)
             ... on level 7 of the Dungeon.
             The game lasted 02:14:41 (10406 turns).

mcamara the Grave Robber (Deep Dwarf Necromancer)  Turns: 10406, Time: 02:14:42

Health: -4/68      AC:  3    Str: 12    XL:     9   Next: 2%
Magic:  1/9        EV: 16    Int: 19    God:    Sif Muna [......]
Gold:   350        SH:  0    Dex: 13    Spells: 3/12 levels left

rFire    . . .     SeeInvis .   E - +1 spear (vorpal)
rCold    . . .     Gourm    .   (no shield)
rNeg     . . .     Faith    .   a - +0 robe
rPois    +         Spirit   .   (no helmet)
rElec    .         Reflect  .   (no cloak)
rCorr    .         Harm     .   u - +0 pair of gloves
MR       +....                  (no boots)
Stlth    +++.......             (no amulet)
HPRegen  0.00/turn              f - ring of poison resistance
MPRegen  0.11/turn              (no ring)

@: very slightly contaminated, non-regenerating, studying Transmutations
A: damage resistance, heal wounds, sense surroundings 2, no regeneration
a: Heal Wounds, Renounce Religion


You were on level 7 of the Dungeon.
You worshipped Sif Muna.
Sif Muna was noncommittal.
You were not hungry.

You visited 2 branches of the dungeon, and saw 8 of its levels.

You collected 350 gold pieces.

Inventory:

Hand Weapons
 b - a +1 dagger of venom
 j - a +1 whip of electrocution
 E - a +1 vorpal spear (weapon)
Missiles
 h - 23 poisoned darts (quivered)
 k - 41 bolts
Armour
 a - a +0 robe (worn)
 u - a +0 pair of gloves (worn)
Magical Staves
 v - an uncursed staff of fire
Jewellery
 f - a ring of poison resistance (left hand)
Wands
 g - a wand of scattershot (1)
 o - a wand of flame (36)
 p - a wand of paralysis (5)
 t - a wand of polymorph (7)
 D - a wand of random effects (18)
Scrolls
 c - a scroll of magic mapping
 d - 3 scrolls of identify
 e - a scroll of blinking
 i - 5 scrolls of remove curse
 m - 3 scrolls of teleportation
 n - a scroll of amnesia
 r - a scroll of holy word {unknown}
 s - 2 scrolls of enchant armour {unknown}
 z - 4 scrolls of enchant weapon
Potions
 w - a potion of brilliance {unknown}
 x - a potion of cancellation
 A - a potion of ambrosia {unknown}
 B - a potion of berserk rage {unknown}
 C - a potion of invisibility {unknown}
Books
 y - a manual of Transmutations
Comestibles
 l - 7 rations


   Skills:
 - Level 3.5 Short Blades
 * Level 3.2 Polearms
 - Level 7.2 Dodging
 + Level 7.3 Stealth
 - Level 2.1 Spellcasting
 + Level 7.3 Necromancy
 + Level 3.2 Transmutations


You had 3 spell levels left.
You knew the following spells:

 Your Spells              Type           Power        Failure   Level  Hunger
a - Vampiric Draining     Necr           ####......   2%          3    ###....
b - Animate Skeleton      Necr           N/A          1%          1    #......
c - Pain                  Necr           ####         1%          1    #......
x - Animate Dead          Necr           N/A          9%          4    #####..

Your spell library contained the following spells:

 Spells                   Type           Power        Failure   Level  Hunger
 Agony                    Necr           ####....     22%         5    ######.


Dungeon Overview and Level Annotations

Branches:
Dungeon (7/15)             Temple (1/1) D:6

Altars:
Cheibriados
Dithmenos
Gozag
Nemelex Xobeh
Okawaru
Qazlal
Ru
Sif Muna
Trog
Uskayaw
Wu Jian
Xom
Yredelemnul
The Shining One

Shops:
D:6 :

Annotations:
D:2 exclusion: ogre
D:3 exclusion: eye of draining
D:5 Pikel


Innate Abilities, Weirdness & Mutations

You are resistant to damage.
You can heal yourself by infusing magical energy.
You passively map the area around you.
You do not regenerate.


Message History

The killer bee stings you. The killer bee misses you.
The killer bee closely misses you. The killer bee closely misses you.
The killer bee stings you.
* * * LOW HITPOINT WARNING * * *
You barely miss the killer bee.
The killer bee is heavily wounded.
The killer bee closely misses you. The killer bee barely misses you.
The killer bee stings you!
* * * LOW HITPOINT WARNING * * *
The killer bee stings you!
* * * LOW HITPOINT WARNING * * *
The killer bee stings you.
* * * LOW HITPOINT WARNING * * *
The killer bee misses you. The killer bee closely misses you.
The killer bee closely misses you. The killer bee stings you!
You die...

* ##### *, , #.* #.# #.#
######## ##### #.###
#.....<####...###...##
#.##...@y.....##.....###
#.#.####..(##........ ,
#.#.# ##.###.....### **
# #.# #.##.....## ..# *
#(......## , ...,
######.## , , .### #.#
.* , #.# *** #+#


You could see a killer bee.

Vanquished Creatures
  Edmund (D:6)
  A black bear (D:6)
  2 slaves (D:6)
  An ice beast (D:5)
  4 ogres
  A water moccasin zombie (D:5)
  A scorpion (D:6)
  2 killer bees (D:7)
  A howler monkey (D:4)
  A bullfrog zombie (D:6)
  2 crimson imps
  A centaur zombie (D:6)
  4 hounds
  3 gnoll shamans (D:5)
  2 orc priests (D:4)
  4 orc wizards (D:4)
  Ijyb (D:3)
  Terence (D:2)
  An iguana (D:3)
  2 worker ants (D:4)
  A killer bee zombie (D:5)
  7 adders
  27 gnolls
  2 shadow imps (D:6)
  An ooze (D:2)
  An adder skeleton (D:5)
  2 worms
  2 dart slugs (D:1)
  2 leopard geckos
  13 orcs
  7 giant cockroaches
  8 goblins
  8 hobgoblins
  16 jackals (D:5)
  A quokka (D:3)
  11 bats
  5 frilled lizards
  8 kobolds
  A quokka skeleton (D:4)
  9 rats
168 creatures vanquished.

Vanquished Creatures (collateral kills)
  A slave (D:6)
  5 gnolls (D:5)
  A hobgoblin (D:2)
  2 jackals (D:5)
  2 bats
11 creatures vanquished.

Vanquished Creatures (others)
  An orc wizard (D:4)
  A quokka (D:3)
2 creatures vanquished.

Grand Total: 181 creatures vanquished

Notes
Turn   | Place    | Note
-------+----------+-------------------------------------------
     0 | D:1      | mcamara the Deep Dwarf Necromancer began the quest for the
                  | Orb.
     0 | D:1      | Reached XP level 1. HP: 15/15 MP: 3/3
   134 | D:1      | Reached XP level 2. HP: 22/22 MP: 4/4
   137 | D:1      | Learned a level 1 spell: Animate Skeleton
   540 | D:1      | Reached XP level 3. HP: 15/28 MP: 2/6
   935 | D:2      | Noticed an ogre
  1049 | D:2      | Learned a level 3 spell: Vampiric Draining
  1102 | D:2      | Noticed Terence
  1109 | D:2      | Killed Terence
  1109 | D:2      | Reached XP level 4. HP: 35/36 MP: 1/7
  1328 | D:2      | Reached skill level 5 in Necromancy
  1417 | D:2      | Reached skill level 1 in Short Blades
  1438 | D:2      | Found a hide-covered altar of Uskayaw.
  2046 | D:3      | Reached XP level 5. HP: 24/42 MP: 3/8
  2447 | D:3      | Noticed an eye of draining
  2621 | D:3      | Found a shimmering blue altar of Sif Muna.
  2623 | D:3      | Found a bloodstained altar of Trog.
  2623 | D:3      | Found a shimmering altar of Xom.
  2625 | D:3      | Found a snail-covered altar of Cheibriados.
  2625 | D:3      | Found a sacrificial altar of Ru.
  2625 | D:3      | Found a sacrificial altar of Ru.
  2625 | D:3      | Noticed Ijyb
  2632 | D:3      | Killed Ijyb
  2776 | D:3      | Noticed an eye of draining
  2777 | D:3      | Found a bloodstained altar of Trog.
  2779 | D:3      | Noticed an eye of draining
  3216 | D:4      | Reached XP level 6. HP: 21/49 MP: 2/9
  3404 | D:4      | Reached skill level 5 in Dodging
  3835 | D:4      | Reached skill level 5 in Stealth
  3843 | D:4      | Reached XP level 7. HP: 49/55 MP: 7/10
  4581 | D:5      | Entered Level 5 of the Dungeon
  5163 | D:5      | Reached XP level 8. HP: 54/62 MP: 11/11
  7032 | D:5      | HP: 1/62 [ogre/+0 giant spiked club (16)]
  7116 | D:4      | Reached skill level 1 in Polearms
  7116 | D:4      | Reached skill level 1 in Transmutations
  7973 | D:6      | Learned a level 4 spell: Animate Dead
  8106 | D:6      | Noticed Pikel
  8507 | D:6      | Identified the +4 ring mail of Lurphexe {*Drain rElec rPois
                  | Stlth+}
  8655 | D:6      | Noticed Pikel
  8655 | D:6      | Pikel changed into Pikel the hornet
  8658 | D:6      | HP: 3/62 [Pikel the hornet (4)]
  8820 | D:6      | Found Sunofup's Book Shoppe.
  9036 | D:6      | Found a staircase to the Ecumenical Temple.
  9078 | Temple   | Entered the Ecumenical Temple
  9454 | Temple   | Became a worshipper of Sif Muna the Loreminder
  9732 | D:6      | Noticed Edmund
  9759 | D:6      | Killed Edmund
 10393 | D:7      | Gained mutation: You passively map the area around you.
                  | [Deep Dwarf growth]
 10393 | D:7      | Reached XP level 9. HP: 20/68 MP: 0/9
 10401 | D:7      | HP: 3/68 [killer bee (7)]
 10402 | D:7      | HP: 1/68 [killer bee (2)]
 10406 | D:7      | Slain by a killer bee

Levels and vault maps discovered:
D:1:      shiori_arrival_oz, layout_basic
D:2:      layout_loops_ring, overflow_temple_1_default, dk_noncrumbling_4,
          uniq_terence
D:3:      layout_loops_ring, doesnt_xom_only_xom, trog_eyes_of_draining,
          minmay_box_of_dots, uniq_ijyb
D:4:      layout_cave_pools, minmay_manual_mullet
D:5:      lemuel_castle_with_subvaults [lemuel_castle_interior_carwin_2],
          layout_basic, first_ration
D:6:      layout_basic, minmay_temple_entry_mini_moons, serial_shops,
          nicolae_shop_window_shopping, uniq_edmund, uniq_pikel
D:7:      layout_loops_corners, nicolae_overflow_hidden_temple
Temple:   minmay_temple_curvy_loop

Skill      XL: |  1  2  3  4  5  6  7  8 |
---------------+-------------------------+-----
Spellcasting   | 2 |  2.1
Stealth        | 3 4 5 7 |  7.3
Dodging        | 3 4 5 6 7 |  7.2
Necromancy     | 5 6 7 |  7.3
Short Blades   | 1 2 3 |  3.5
Polearms       | 3 |  3.2
Transmutations | 3 |  3.2

Action                   |  1- 3 |  4- 6 |  7- 9 || total
-------------------------+-------+-------+-------++-------
Melee: Dagger            |   100 |   121 |   150 ||   371
       Spear             |       |       |   128 ||   128
Throw: Dart              |       |    29 |   107 ||   136
 Cast: Animate Skeleton  |    11 |    19 |    20 ||    50
       Pain              |     8 |       |       ||     8
       Vampiric Draining |       |    31 |    98 ||   129
       Animate Dead      |       |       |     1 ||     1
 Abil: Heal Wounds       |     4 |     2 |     6 ||    12
Evoke: Wand              |       |       |     6 ||     6
  Use: Scroll            |       |       |    15 ||    15
       Potion            |       |       |     2 ||     2
 Stab: Sleeping          |     8 |     5 |     2 ||    15
       Distracted        |     1 |       |     1 ||     2
  Eat: Ration            |     1 |     1 |     6 ||     8
       Chunk             |       |     6 |    14 ||    20
Armor: Robe              |    25 |    16 |    32 ||    73
Dodge: Dodged            |   101 |   108 |   342 ||   551

Table legend:
 A = Non-vault XP
 B = Vault XP
 C = Vault XP percentage of total XP
 D = Non-vault monster count
 E = Vault monster count
 F = Vault count percentage of total count
                 A         B        C        D         E       F
            +---------+---------+-------+---------+---------+-------
      Total |    1862 |     994 |  34.8 |     115 |      62 |  35.0
            +---------+---------+-------+---------+---------+-------
        D:1 |      63 |       4 |   6.0 |      32 |       2 |   5.9
        D:2 |      63 |      36 |  36.4 |      14 |       1 |   6.7
        D:3 |     101 |      57 |  36.1 |      21 |       5 |  19.2
        D:4 |     607 |     278 |  31.4 |      21 |       7 |  25.0
        D:5 |     349 |     466 |  57.2 |      10 |      46 |  82.1
        D:6 |     550 |     153 |  21.8 |      14 |       1 |   6.7
        D:7 |     129 |       0 |   0.0 |       3 |       0 |   0.0
            +---------+---------+-------+---------+---------+-------
